 Dungeon Crawl Stone Soup version 0.17-a0-1479-g4041c36 (webtiles) character file.

452 Snupthedog the Archer (level 6, -9/39 HPs)
             Began as a High Elf Hunter on July 3, 2015.
             Mangled by an ogre
             ... wielding a +0 giant club
              (22 damage)
             ... on level 4 of the Dungeon.
             The game lasted 00:19:14 (3449 turns).

Snupthedog the Archer (High Elf Hunter)             Turns: 3449, Time: 00:19:15

Health: -9/39      AC:  5    Str: 13    XL:     6   Next: 75%
Magic:  7/7        EV: 14    Int: 15    God:
Gold:   30         SH:  0    Dex: 16    Spells: 0 memorised, 5 levels left

rFire  . . .     SeeInvis .     a - +1 shortbow
rCold  . . .     Clarity  .     d - +1 leather armour
rNeg   . . .     SustAt   .     (no shield)
rPois  .         Gourm    .     q - +0 helmet
rElec  .         Spirit   .     (no cloak)
rCorr  .         Warding  .     (no gloves)
rMut   .         Stasis   .     (no boots)
MR     .....                    t - amulet of inaccuracy (curse)
Stlth  ++........               (no ring)
                                f - ring of wizardry

@: not resistant to hostile enchantments, unstealthy
A: no striking features
a: no special abilities


You were on level 4 of the Dungeon.
You were hungry.

You visited 1 branch of the dungeon, and saw 4 of its levels.

You collected 153 gold pieces.
You spent 123 gold pieces at shops.

Inventory:

Hand weapons
 a - a +1 shortbow (weapon)
 b - a +0 short sword
 h - a +0 short sword
Missiles
 c - 94 arrows (quivered)
Armour
 d - a +1 leather armour (worn)
 q - a +0 helmet (worn)
Jewellery
 f - a ring of wizardry (left hand)
 t - a cursed amulet of inaccuracy (around neck)
Scrolls
 l - a scroll of identify
 s - a scroll of fog
Potions
 g - a potion of flight
 n - a potion of cancellation
 o - a potion of curing
 u - a potion of magic
 v - a potion of heal wounds {unknown}
Comestibles
 e - 4 bread rations
 i - 2 slices of pizza
 j - 4 fruits
 k - 4 royal jellies
 m - a beef jerky
 p - a meat ration


   Skills:
 - Level 2.0 Fighting
 + Level 1.2 Short Blades
   Level 0.2(0.8) Long Blades
 + Level 8.1 Bows
 * Level 3.1 Armour
 + Level 4.1 Dodging
 + Level 2.0 Stealth


You had 5 spell levels left.
You didn't know any spells.

Dungeon Overview and Level Annotations

Branches:
Dungeon (4/15)
 Temple: D:4-7

Altars:
Ashenzari
Dithmenos

Shops:
D:4 *

Annotations:
D:2 Crazy Yiuf, Terence
D:3 Ijyb


Message History

Aim: an ogre, wielding a giant club (severely wounded)
You shoot an arrow.
The arrow hits the ogre but does no damage.
The ogre is severely wounded.
The ogre closely misses you.
Firing (i - inventory):
c - 96 arrows (quivered)
Press: ? - help, Shift-Dir - straight line, f/p - ogre
Aim: an ogre, wielding a giant club (severely wounded)
You shoot an arrow. The arrow hits the ogre.
The ogre is severely wounded.
The ogre barely misses you.
Firing (i - inventory):
c - 95 arrows (quivered)
Press: ? - help, Shift-Dir - straight line, f/p - ogre
Aim: an ogre, wielding a giant club (severely wounded)
You shoot an arrow. The arrow completely misses the ogre.
Welcome back, Snupthedog the High Elf Hunter.
Press ? for a list of commands and other information.
The ogre hits you with a giant club!!
Ouch! That really hurt!
You die...

#.# #..##### #.# ##..#
#.# ##...## #.#
#.....#### #.#
#......... #(#
#<....####
#.########...#####
##(##.............. ##
####.@.........<......
.
#....O...#............
##
#.##......(......####.
.## #.##..##########.#
#. #.# #.##..# #.# #.
.# #.##.g# #g# #. ##
#.##..# #.####> #
#.##g.# #g<.... #
#####.##..# #.####.


You could see an ogre and 2 goblins.

Vanquished Creatures
  2 ogres (D:4)
  A wyvern skeleton (D:3)
  A hound (D:4)
  A worker ant (D:4)
  A hound zombie (D:3)
  8 adders
  3 worms
  A giant gecko (D:4)
  2 orcs
  A bat skeleton (D:4)
  4 giant cockroaches
  10 goblins
  7 hobgoblins
  5 kobolds
  3 ball pythons (D:3)
  8 bats
  4 giant newts
  6 jackals
  2 quokkas
  9 rats
79 creatures vanquished.

Notes
Turn   | Place    | Note
--------------------------------------------------------------
     0 | D:1      | Snupthedog the High Elf Hunter began the quest for the Orb.
     0 | D:1      | Reached XP level 1. HP: 14/14 MP: 2/2
   113 | D:1      | Found a shattered altar of Ashenzari.
   241 | D:1      | Reached skill level 1 in Short Blades
   241 | D:1      | Reached XP level 2. HP: 16/19 MP: 3/3
   714 | D:2      | Noticed Terence
   857 | D:2      | Found a shadowy altar of Dithmenos.
   892 | D:2      | Reached skill level 6 in Bows
  1128 | D:2      | Noticed Crazy Yiuf
  1162 | D:2      | Reached XP level 3. HP: 22/24 MP: 4/4
  1371 | D:2      | Reached skill level 1 in Armour
  1420 | D:2      | Reached XP level 4. HP: 22/29 MP: 5/5
  1776 | D:3      | Reached skill level 7 in Bows
  1980 | D:3      | Reached XP level 5. HP: 31/34 MP: 6/6
  2320 | D:3      | Noticed Ijyb
  3126 | D:4      | Found Fufeux's General Store.
  3147 | D:4      | Bought 19 arrows of frost for 123 gold pieces
  3170 | D:4      | Noticed an ogre
  3199 | D:4      | Killed an ogre
  3199 | D:4      | Reached XP level 6. HP: 19/39 MP: 7/7
  3202 | D:4      | Noticed an ogre
  3207 | D:4      | Killed an ogre
  3207 | D:4      | Reached skill level 8 in Bows
  3377 | D:4      | Noticed an ogre
  3449 | D:4      | Mangled by an ogre

Vault maps used:
D:1:      lemuel_arrival_tunnels, evilmike_ruin_ashenzari
D:2:      lemuel_crystal_altar, nicolae_overflow_hidden_temple, uniq_sigmund,
          uniq_crazy_yiuf_cottage, uniq_terence
D:3:      uniq_iyjb
D:4:      serial_shops, kennysheep_mini_moat, minmay_ogre_servants

Action                   |  1- 3 |  4- 6 || total
-------------------------+-------+-------++-------
Melee: Short sword       |    26 |     4 ||    30
       Long sword        |       |    85 ||    85
 Fire: Shortbow          |    70 |   121 ||   191
  Use: Scroll            |     5 |     6 ||    11
       Potion            |     4 |     1 ||     5
 Stab: Sleeping          |       |     2 ||     2
  Eat: Chunk             |     1 |     6 ||     7
